 Dungeon Crawl Stone Soup version 0.23.1 (webtiles) character file.

Game seed: 8725760447515541307

221 Borgoz the Sneak (level 5, -14/44 HPs)
             Began as a Ghoul Enchanter on Mar 3, 2019.
             Killed by divine providence
             ... invoked by an orc priest
              (15 damage)
             ... on level 3 of the Dungeon.
             The game lasted 00:09:27 (3643 turns).

Borgoz the Sneak (Ghoul Enchanter)                  Turns: 3643, Time: 00:09:28

Health: -14/44     AC:  3    Str: 12    XL:     5   Next: 98%
Magic:  15/15      EV: 13    Int: 10    God:
Gold:   146        SH:  0    Dex: 10    Spells: 4/7 levels left

rFire    . . .     SeeInvis .   a - +2 short sword (drain)
rCold    + . .     Gourm    .   (no shield)
rNeg     + + +     Faith    .   h - +1 robe
rPois    ∞         Spirit   .   (no helmet)
rElec    .         Reflect  .   (no cloak)
rCorr    .         Harm     .   (no gloves)
MR       .....                  (no boots)
Stlth    +++.......             e - amulet of magic regeneration
HPRegen  0.00/turn              p - ring of magical power
MPRegen  0.39/turn              (no ring)

@: flying, rotting
A: rotting body, claws 1, carnivore, cold resistance 1, negative energy
resistance 3, inhibited regeneration, torment resistance, unbreathing
a: no special abilities


You were on level 3 of the Dungeon.
You were not hungry.

You visited 1 branch of the dungeon, and saw 3 of its levels.

You collected 146 gold pieces.

Inventory:

Hand Weapons
 a - a +2 short sword of draining (weapon)
 b - a +0 blowgun
Missiles
 r - 2 throwing nets (quivered)
 s - 2 poisoned needles
Armour
 h - a +1 robe (worn)
Jewellery
 e - an amulet of magic regeneration (around neck)
 g - an uncursed ring of magical power
 p - a ring of magical power (left claw)
Wands
 n - a wand of flame (9)
Scrolls
 k - 2 scrolls of remove curse
 l - 2 scrolls of identify
 q - 2 scrolls of immolation
Comestibles
 d - 6 rations
 f - 4 chunks of flesh


   Skills:
 + Level 2.8 Fighting
 + Level 2.5 Short Blades
 + Level 3.1 Dodging
 + Level 4.7 Stealth
 - Level 1.7 Spellcasting
 - Level 2.4 Hexes


You had 4 spell levels left.
You knew the following spells:

 Your Spells              Type           Power        Failure   Level  Hunger
a - Corona                Hex            #......      12%         1    ##.....
b - Ensorcelled Hibernat  Hex/Ice        #.....       30%         2    ###....

Your spell library contained the following spells:

 Spells                   Type           Power        Failure   Level  Hunger
 Confuse                  Hex            #.......     34%         3    ####...
 Tukima's Dance           Hex            #.......     34%         3    ####...
 Dazzling Spray           Conj/Hex       #.....       52%         3    ####...


Dungeon Overview and Level Annotations

Branches:
Dungeon (3/15)

Altars:
Cheibriados
Zin


Innate Abilities, Weirdness & Mutations

Your body is rotting away.
You thrive on raw meat.
You are immune to poison.
You have sharp fingernails.
You are carnivorous and can eat meat at any time.
Your flesh is cold resistant. (rC+)
You are immune to negative energy. (rN+++)
You do not regenerate when monsters are visible.
You are immune to unholy pain and torment.
You can survive without breathing.


Message History

You feel aware of your surroundings.
You sensed 2 altars.
It was a scroll of magic mapping.
The orc priest barely misses you.
Unknown command.
You aren't carrying any potions.
There are monsters nearby!
As you read the scroll labeled NUYMEU KAWIOT, it crumbles to dust.
It is a scroll of enchant armour.
Your +0 robe glows green for a moment.
The orc priest barely misses you.
You completely miss the orc priest.
The orc priest is lightly wounded.
The orc priest hits you but does no damage.
You hit the orc priest. You drain the orc priest.
The orc priest is severely wounded.
The orc priest calls upon Beogh to heal the orc priest.
The orc priest is healed somewhat.
The orc priest misses you.
You hit the orc priest. You drain the orc priest.
The orc priest is heavily wounded.
The orc priest invokes the aid of Beogh against you.
Beogh smites you!
You die...

#......'... ####### #.######...
#.....# #.# #... #.....# #.# ##'#
#.....# #.# #.#
*********######.....# #.# #.#
>,,,,,,,,......ooo..# #.# #.#
+********#######o#### #.# #####.#
,,,,* #@######.###...#.# ,,,,*
#..............†.#
,,,,****########..#####.###...###
,,........................+(..'..
**#...................###.#...###
#.....#########......##.#...#
#.....# #......##.#...#
#.....#########......##.#####
#.....##.....##......##.# ####


You could see 2 orc priests and 2 orcs.

Vanquished Creatures
  2 orc wizards (D:3)
  4 gnolls (D:2)
  5 adders
  3 worms
  3 dart slugs
  2 leopard geckos
  7 orcs
  2 ball pythons
  3 giant cockroaches
  4 goblins
  3 hobgoblins
  4 jackals (D:1)
  A quokka (D:1)
  7 bats
  4 frilled lizards
  10 kobolds
  7 rats
71 creatures vanquished.

Notes
Turn   | Place    | Note
-------+----------+-------------------------------------------
     0 | D:1      | Borgoz the Ghoul Enchanter began the quest for the Orb.
     0 | D:1      | Reached XP level 1. HP: 14/14 MP: 2/2
    17 | D:1      | Reached skill level 1 in Short Blades
   326 | D:1      | Reached XP level 2. HP: 22/22 MP: 3/3
   536 | D:1      | Reached skill level 1 in Fighting
   949 | D:1      | Reached XP level 3. HP: 18/28 MP: 4/4
  1353 | D:2      | Learned a level 2 spell: Ensorcelled Hibernation
  1576 | D:2      | Reached XP level 4. HP: 35/36 MP: 5/5
  1765 | D:2      | Reached skill level 4 in Stealth
  1782 | D:2      | Found a snail-covered altar of Cheibriados.
  2420 | D:2      | Reached XP level 5. HP: 26/41 MP: 6/6
  2499 | D:2      | Found a glowing silver altar of Zin.
  3637 | D:3      | HP: 1/44 [orc priest/+2 flail of draining (9)]
  3643 | D:3      | Killed from afar by an orc priest

Skill      XL: |  1  2  3  4  5 |
---------------+----------------+-----
Short Blades   | 1 2 |  2.5
Dodging        | 2 3 |  3.1
Fighting       | 1 2 |  2.8
Stealth        | 4 |  4.7
Spellcasting   | |  1.7
Hexes          | |  2.4

Action                   |  1- 3 |  4- 6 || total
-------------------------+-------+-------++-------
Melee: Dagger            |   144 |   168 ||   312
       Short sword       |       |    14 ||    14
 Cast: Corona            |    12 |       ||    12
       Ensorcelled Hiber |     1 |    32 ||    33
Evoke: Wand              |       |     1 ||     1
  Use: Scroll            |       |     6 ||     6
       Potion            |       |     5 ||     5
 Stab: Sleeping          |     4 |    15 ||    19
  Eat: Chunk             |    20 |    13 ||    33
Armor: Robe              |    25 |    30 ||    55
Dodge: Dodged            |    88 |   107 ||   195
